 Dungeon Crawl Stone Soup version 0.21.3 (webtiles) character file.

3756 MordorOrchid the Thaumaturge (level 10, -1/67 HPs)
             Began as a Formicid Venom Mage on Mar 4, 2020.
             Slain by MordorOrchid's ghost (24 damage)
             ... on level 8 of the Dungeon on Apr 7, 2020.
             The game lasted 00:53:35 (5758 turns).

MordorOrchid the Thaumaturge (Formicid Venom Mage)  Turns: 5758, Time: 00:53:36

Health: -1/67      AC:  3    Str: 13    XL:     10   Next: 37%
Magic:  32/32      EV: 14    Int: 21    God:
Gold:   417        SH:  6    Dex: 11    Spells: 10/27 levels left

rFire    . . .     SeeInvis +   a - +5 quarterstaff (chaos)
rCold    . . .     Gourm    .   I - +2 buckler
rNeg     . . .     Faith    .   A - +0 robe
rPois    +         Spirit   .   (helmet unavailable)
rElec    .         Reflect  .   q - +0 cloak
rCorr    .         Harm     .   (no gloves)
MR       +....                  (no boots)
Stlth    ++........             (no amulet)
HPRegen  0.21/turn              F - ring "Roxoikki" {MP+9 Int+3 Slay+5}
MPRegen  0.23/turn              D - ring of poison resistance

@: no status effects
A: permanent stasis, dig shafts and tunnels, four strong arms, antennae 3
a: Dig, Shaft Self


You were on level 8 of the Dungeon.
You were not hungry.

You visited 2 branches of the dungeon, and saw 9 of its levels.
You also visited: Sewer.

You collected 417 gold pieces.

Inventory:

Hand Weapons
 a - a +5 quarterstaff of chaos (weapon)
 b - a +0 dagger
 j - a +0 hunting sling
 p - the cursed +3 spear of Jutuxo {elec, -Tele rN++ Stlth+}
   (You found it on level 4 of the Dungeon)

   Occasionally, upon striking a foe, it will discharge some electrical energy
   and cause terrible harm.
   It greatly protects you from negative energy.
   It prevents most forms of teleportation.
   It makes you more stealthy.
   It has a curse placed upon it.
 t - a +0 flail of venom
 y - a +0 short sword
 H - a +1 falchion of flaming
 M - a +1 vampiric rapier
Missiles
 d - 63 stones
 e - 7 needles of sleeping
 g - 101 arrows
 i - 30 bolts
 k - 48 sling bullets
 n - 4 tomahawks (quivered)
 v - 12 poisoned needles
 Q - a throwing net
Armour
 q - a +0 cloak (worn)
 A - a +0 robe (worn)
 C - a +0 leather armour
 I - a +2 buckler (worn)
Jewellery
 D - a ring of poison resistance (right hand)
 F - the ring "Roxoikki" (left hand) {MP+9 Int+3 Slay+5}
   (You found it on level 4 of the Dungeon)

   [ring of intelligence]

   It affects your intelligence (+3).
   It affects your accuracy and damage with ranged weapons and melee attacks
   (+5).
   It affects your magic capacity (+9).
Wands
 u - a wand of scattershot (3)
 K - a wand of flame (24)
 L - a wand of iceblast (4)
 N - a wand of polymorph (23)
Scrolls
 o - 3 scrolls of amnesia
 r - 2 scrolls of enchant weapon
 w - a scroll of fog
 z - a scroll of blinking {unknown}
 E - a scroll of magic mapping {unknown}
 G - a scroll of remove curse
 J - a scroll of vulnerability {unknown}
 O - a scroll of immolation
 R - a scroll of holy word {unknown}
 V - a scroll of fear {unknown}
 W - a scroll of summoning {unknown}
Potions
 f - a potion of haste {unknown}
 h - 3 potions of flight
 l - 2 potions of brilliance
 m - 2 potions of cancellation
 s - a potion of magic
 x - 2 potions of curing
 P - 3 potions of heal wounds
Books
 B - a Young Poisoner's Handbook

   Spells                             Type                      Level
   a - Sting                          Conjuration/Poison           1
   b - Poisonous Vapours              Poison/Air                   2
   c - Mephitic Cloud                 Conjuration/Poison/Air       3
   d - Olgreb's Toxic Radiance        Poison                       4
   e - Venom Bolt                     Conjuration/Poison           5
 S - a book of Cantrips

   Spells                             Type                      Level
   a - Confusing Touch                Hexes                        1
   b - Animate Skeleton               Necromancy                   1
   c - Summon Small Mammal            Summoning                    1
   d - Apportation                    Translocation                1
 X - a book of Party Tricks

   Spells                             Type                      Level
   a - Summon Butterflies             Summoning                    1
   b - Apportation                    Translocation                1
   c - Lesser Beckoning               Translocation                3
   d - Tukima's Dance                 Hexes                        3
   e - Alistair's Intoxication        Transmutation/Poison         5
   f - Invisibility                   Hexes                        6
Comestibles
 c - 11 rations


   Skills:
 - Level 2.0 Fighting
 - Level 2.0 Short Blades
 * Level 5.3 Dodging
 - Level 3.0 Stealth
 - Level 4.0 Shields
 + Level 9.1 Spellcasting
 * Level 5.9 Conjurations
 * Level 1.8 Necromancy
 - Level 2.0 Air Magic
 - Level 6.1 Poison Magic
 * Level 1.8 Evocations


You had 10 spell levels left.
You knew the following spells:

 Your Spells              Type           Power        Failure   Level  Hunger
a - Sting                 Conj/Pois      ####         1%          1    None
b - Olgreb's Toxic Radia  Pois           #####...     5%          4    ##.....
f - Venom Bolt            Conj/Pois      ####......   16%         5    #####..
g - Mephitic Cloud        Conj/Pois/Air  ####....     3%          3    None
p - Poisonous Vapours     Pois/Air       ####..       1%          2    None
u - Animate Skeleton      Necr           N/A          3%          1    None
z - Apportation           Tloc           #.....       7%          1    None


Dungeon Overview and Level Annotations

Branches:
Dungeon (8/15)             Temple (1/1) D:6
   Lair: D:8-11

Altars:
Ashenzari
Dithmenos
Elyvilon
Fedhas
Gozag
Hepliaklqana
Kikubaaqudgha
Makhleb
Qazlal
Ru
Sif Muna
Trog
Wu Jian
Xom
Yredelemnul
Zin
The Shining One

Annotations:
D:8 MordorOrchid's ghost, novice TrNe


Innate Abilities, Weirdness & Mutations

You cannot be hasted, slowed, berserked, paralysed or teleported.
You can dig through walls and to a lower floor.
Your four strong arms can wield two-handed weapons with a shield.
You have a pair of large antennae on your head. (SInv)


Message History

You block MordorOrchid's ghost's attack.
You thump MordorOrchid's ghost!
MordorOrchid's ghost flickers and vanishes for a moment.
MordorOrchid's ghost is heavily damaged.
You hit MordorOrchid's ghost but do no damage.
Space bends around MordorOrchid's ghost.
MordorOrchid's ghost is heavily damaged.
MordorOrchid's ghost hits you!
You hit MordorOrchid's ghost but do no damage.
MordorOrchid's ghost is heavily damaged.
You block MordorOrchid's ghost's attack.
You thump MordorOrchid's ghost! You burn MordorOrchid's ghost.
MordorOrchid's ghost is severely damaged.
MordorOrchid's ghost is no longer moving slowly.
MordorOrchid's ghost is infused with unholy energy.
MordorOrchid's ghost draws life force from you and is healed!
You barely miss MordorOrchid's ghost.
MordorOrchid's ghost is heavily damaged.
MordorOrchid's ghost hits you!!
You die...

..# #.#
#.#####.###.#
#...........#
######.##..#
......W..#..#
####.#.#..#..#
#<# ...#..#..#
#@#######.#..#
#W####.##.#..#
#......W.....#
##########...#
....# ###..#
.... { .>...
.....#


You could see MordorOrchid's ghost (invisible).

Vanquished Creatures
  A moth of wrath (D:3)
  Grinder (D:3)
  3 yaks (D:5)
  Eustachio (D:4)
  Menkaure (D:4)
  Edmund (D:5)
  A black bear (D:7)
  An orc warrior (D:7)
  2 ice beasts
  2 sky beasts
  A centaur (D:7)
  3 ogres
  2 bullfrogs
  3 scorpions
  3 wights (D:6)
  3 crimson imps
  2 jellies
  2 orc priests
  A centaur skeleton (D:5)
  A bullfrog skeleton (D:5)
  A hound (D:7)
  Crazy Yiuf (D:1)
  Jessica (D:2)
  Terence (D:3)
  Natasha (twice) (D:2)
  2 orc wizards (D:3)
  6 worker ants
  A hound zombie (D:6)
  The ghost of P0WERM0DE the Grave Robber, a weakling OpNe (D:3)
  2 hound skeletons
  A worker ant zombie (D:6)
  8 gnolls
  15 adders
  A shadow imp (D:7)
  15 oozes (Sewer)
  An adder skeleton (D:8)
  3 worms
  4 dart slugs
  17 leopard geckos
  24 orcs
  20 giant cockroaches
  5 goblins
  3 hobgoblins
  10 kobolds
  4 quokkas
  7 ball pythons
  6 bats
  15 frilled lizards
  A jackal zombie (D:5)
  A leopard gecko skeleton (D:4)
  A quokka skeleton (D:5)
  13 rats
228 creatures vanquished.

Notes
Turn   | Place    | Note
-------+----------+-------------------------------------------
     0 | D:1      | MordorOrchid the Formicid Venom Mage began the quest for the Orb.
     0 | D:1      | Reached XP level 1. HP: 13/13 MP: 3/3
   102 | D:1      | Reached skill level 1 in Conjurations
   190 | D:1      | Reached XP level 2. HP: 19/19 MP: 0/5
   269 | D:1      | Learned a level 2 spell: Poisonous Vapours
   444 | D:1      | Reached XP level 3. HP: 20/24 MP: 0/6
   726 | D:2      | Learned a level 3 spell: Mephitic Cloud
   739 | D:2      | Found a runed door.
   743 | D:2      | Noticed Crazy Yiuf
   762 | D:1      | Killed Crazy Yiuf
   762 | D:1      | Reached XP level 4. HP: 13/31 MP: 2/7
   888 | D:2      | Noticed Natasha
   898 | D:2      | Killed Natasha
   898 | D:2      | Reached skill level 5 in Poison Magic
  1033 | D:2      | Reached skill level 1 in Fighting
  1033 | D:2      | Reached XP level 5. HP: 33/37 MP: 4/9
  1039 | D:2      | Noticed Jessica
  1045 | D:2      | Killed Jessica
  1076 | D:2      | Found a faded altar of an unknown god.
  1083 | D:2      | Reached skill level 3 in Spellcasting
  1083 | D:2      | Reached skill level 1 in Air Magic
  1121 | D:2      | Found an ornate altar of the Wu Jian Council.
  1165 | D:2      | Noticed Natasha
  1174 | D:2      | Killed Natasha
  1195 | D:2      | Learned a level 4 spell: Olgreb's Toxic Radiance
  1283 | D:3      | Noticed Grinder
  1358 | D:2      | Reached XP level 6. HP: 22/43 MP: 3/10
  1467 | D:3      | Noticed Terence
  1478 | D:3      | Killed Terence
  1604 | D:3      | Found a glowing drain.
  1624 | Sewer    | Entered a sewer
  1928 | Sewer    | Reached XP level 7. HP: 50/50 MP: 5/12
  2321 | D:3      | Noticed P0WERM0DE's ghost (weakling OpNe)
  2324 | D:3      | Reached skill level 4 in Spellcasting
  2331 | D:3      | Killed P0WERM0DE's ghost
  2344 | D:3      | Killed Grinder
  2640 | D:3      | Noticed a moth of wrath
  2643 | D:3      | Found a bloodstained altar of Trog.
  2749 | D:3      | Killed a moth of wrath
  2749 | D:3      | Reached skill level 5 in Spellcasting
  2749 | D:3      | Reached XP level 8. HP: 56/56 MP: 0/16
  2760 | D:3      | Learned a level 5 spell: Venom Bolt
  3094 | D:4      | Found a basalt altar of Yredelemnul.
  3121 | D:4      | Found a blossoming altar of Fedhas.
  3123 | D:4      | Got a flickering gossamer ring
  3125 | D:4      | Identified the ring "Roxoikki" {MP+9 Int+3 Slay+5} (You found it on level 4 of the Dungeon)
  3169 | D:4      | Noticed Menkaure
  3177 | D:4      | Killed Menkaure
  3177 | D:4      | Reached skill level 6 in Spellcasting
  3268 | D:4      | Found a hazy altar of Hepliaklqana.
  3268 | D:4      | Found a shattered altar of Ashenzari.
  3269 | D:4      | Found an opulent altar of Gozag.
  3297 | D:4      | Noticed Eustachio
  3332 | D:4      | Killed Eustachio
  3332 | D:4      | Reached XP level 9. HP: 60/61 MP: 18/18
  3365 | D:4      | Got an encrusted spear
  3723 | D:5      | Entered Level 5 of the Dungeon
  3733 | D:5      | Reached skill level 7 in Spellcasting
  3735 | D:5      | Reached skill level 1 in Shields
  3775 | D:5      | Identified the cursed +3 spear of Jutuxo {elec, -Tele rN++ Stlth+} (You found it on level 4 of the Dungeon)
  3846 | D:5      | Reached skill level 5 in Conjurations
  3901 | D:5      | Upgraded the game from 0.21.2-1-g0862bd23eb to 0.21.3
  3907 | D:5      | Reached skill level 8 in Spellcasting
  4041 | D:5      | Noticed Edmund
  4055 | D:5      | Killed Edmund
  4060 | D:5      | Found a shadowy altar of Dithmenos.
  4218 | D:6      | Reached skill level 1 in Short Blades
  4268 | D:6      | Reached XP level 10. HP: 50/67 MP: 13/22
  4379 | D:6      | Reached skill level 5 in Dodging
  4494 | D:6      | Learned a level 1 spell: Animate Skeleton
  4646 | D:6      | Found a staircase to the Ecumenical Temple.
  4661 | Temple   | Entered the Ecumenical Temple
  5172 | D:7      | Reached skill level 1 in Necromancy
  5231 | D:7      | Reached skill level 1 in Evocations
  5361 | D:7      | Reached skill level 9 in Spellcasting
  5721 | D:8      | Learned a level 1 spell: Apportation
  5728 | D:8      | Noticed MordorOrchid's ghost (novice TrNe)
  5758 | D:8      | Slain by MordorOrchid's ghost

Skill      XL: |  1  2  3  4  5  6  7  8  9 10 |
---------------+-------------------------------+-----
Conjurations   | 1 2 4 5 |  5.9
Dodging        | 2 3 4 5 |  5.3
Stealth        | 3 |  3.0
Poison Magic   | 5 6 |  6.1
Fighting       | 1 2 |  2.0
Spellcasting   | 3 5 6 8 9 |  9.1
Air Magic      | 1 2 |  2.0
Shields        | 3 4 |  4.0
Short Blades   | 1 2 |  2.0
Necromancy     | 1 |  1.8
Evocations     | 1 |  1.8

Action                   |  1- 3 |  4- 6 |  7- 9 | 10-12 || total
-------------------------+-------+-------+-------+-------++-------
Melee: Unarmed           |     4 |       |       |       ||     4
       Short sword       |     1 |       |    53 |    22 ||    76
       Quarterstaff      |       |    37 |    55 |    48 ||   140
 Fire: Hunting sling     |       |    52 |    32 |       ||    84
Throw: Tomahawk          |       |       |     1 |     3 ||     4
 Cast: Sting             |    43 |    56 |    61 |    39 ||   199
       Poisonous Vapours |     3 |    21 |    61 |     8 ||    93
       Mephitic Cloud    |       |     2 |    11 |     5 ||    18
       Olgreb's Toxic Ra |       |       |     5 |     3 ||     8
       Venom Bolt        |       |       |     1 |       ||     1
       Animate Skeleton  |       |       |       |     2 ||     2
 Abil: Dig               |       |       |       |     1 ||     1
Evoke: Wand              |       |       |     3 |     4 ||     7
  Use: Scroll            |       |     6 |     3 |     3 ||    12
       Potion            |       |     1 |     3 |     2 ||     6
 Stab: Confused          |       |       |     6 |     1 ||     7
       Sleeping          |       |       |     2 |     2 ||     4
  Eat: Chunk             |       |     5 |     9 |     3 ||    17
       Ration            |       |       |       |     1 ||     1
Armor: Robe              |     4 |    11 |    17 |     6 ||    38
       Skin              |       |       |    12 |       ||    12
Dodge: Dodged            |     9 |    30 |    58 |    33 ||   130
Block: Buckler           |       |       |    14 |    29 ||    43
